 Dungeon Sprint DCSS version 0.27-a0-808-g60bc5d92e6 (webtiles) character file.

Game seed: 4355309774872187852

17 mhtbhm the Skirmisher (level 2, -10/30 HPs)
             Began as a Kobold Berserker on Mar 28, 2021.
             Was a Priest of Trog.
             Mangled by an ice beast (12 damage)
             ... in the Dungeon (Sprint IX: "|||||||||||||||||||||||||||||").
             The game lasted 00:00:15 (70 turns).

mhtbhm the Skirmisher (Kobold Berserker)              Turns: 70, Time: 00:00:16

Health: -10/30     AC:  2    Str: 14    XL:     2   Next: 80%
Magic:  2/2        EV: 15    Int:  8    God:    Trog [***...]
Gold:   0          SH:  0    Dex: 14    Spells: 1/1 levels left

rFire    . . .     SeeInvis .   a - +0 mace
rCold    . . .     Faith    .   (shield restricted)
rNeg     . . .     Spirit   .   b - +0 animal skin
rPois    .         Reflect  .   (no helmet)
rElec    .         Harm     .   (no cloak)
rCorr    .         Rampage  .   (no gloves)
Will     .....     NoTele   +   (no boots)
Stlth    ..........             (no amulet)
HPRegen  0.10/turn              (no ring)
MPRegen  0.08/turn              (no ring)

@: berserking (expiring), very quick
A: small, no large weapons, nightstalker 3
a: Renounce Religion, Berserk, Trog's Hand


You were in the Dungeon.
You worshipped Trog.
Trog was most pleased with you.
You visited 1 branch

Inventory:

Hand Weapons
 a - a +0 mace (weapon)
Armour
 b - a +0 animal skin (worn)
Scrolls
 h - a scroll of blinking
Potions
 c - a potion of curing
 e - a potion of haste
 f - 2 potions of magic
 g - a potion of berserk rage


   Skills:
 + Level 4.7 Fighting
 + Level 3.9 Maces & Flails
 + Level 2.0 Armour
 + Level 3.3 Dodging


You had one spell level left.
You didn't know any spells.
Your spell library was empty.

Dungeon Overview and Level Annotations

Branches:
Dungeon (1/1)

Altars:


Innate Abilities, Weirdness & Mutations

You are small and have problems with some larger weapons.
You are completely attuned to the shadows.


Message History

Ouch! That really hurt!
* * * LOW HITPOINT WARNING * * *
You feel much better.
A red film seems to cover your vision as you go berserk!
You feel yourself moving faster!
You feel mighty! The shadow imp hits you.
You thump the shadow imp!
You kill the shadow imp!
Trog accepts your kill.
Your Dodging skill increases to level 3!
You have reached level 2!
You thump the adder zombie!
The adder zombie is heavily damaged.
The adder zombie closely misses you.
An orc comes into view. It is wielding a +0 dagger.
You thump the adder zombie!
You destroy the adder zombie!
Trog accepts your kill.
Your Armour skill increases to level 2!
You barely miss the ice beast.
An adder comes into view.
The ice beast hits you. The ice beast freezes you.
The adder hisses angrily.
You hit the ice beast.
The ice beast is lightly wounded.
You sock the ice beast!
The ice beast is heavily wounded.
The ice beast closely misses you.
You sock the ice beast!
The ice beast is almost dead.
The ice beast hits you. The ice beast freezes you!
* * * LOW HITPOINT WARNING * * *
You barely miss the ice beast.
The ice beast is almost dead.
The ice beast hits you but does no damage.
You barely miss the ice beast.
The ice beast is almost dead.
The ice beast hits you.
* * * LOW HITPOINT WARNING * * *
The ice beast freezes you!
You die...

▓.▓
▓S▓
▓o▓
▓Y▓
▓@▓
▓.▓
▓.▓
▓.▓
▓)▓
▓)▓
▓.▓
▓.▓
▓.▓


You could see an ice beast, an adder and an orc.

Vanquished Creatures
  A shadow imp (D)
  An adder zombie (D)
  3 ball pythons (D)
  A goblin (D)
  A kobold (D)
7 creatures vanquished.

Notes
Turn   | Place    | Note
-------+----------+-------------------------------------------
     0 | D        | mhtbhm the Kobold Berserker began the quest for the Orb.
     0 | D        | Reached XP level 1. HP: 14/14 MP: 1/1
     8 | D        | Reached ** piety under Trog
    12 | D        | Reached skill level 4 in Fighting
    59 | D        | Noticed an ice beast
    63 | D        | Reached XP level 2. HP: 20/20 MP: 2/2
    64 | D        | Reached *** piety under Trog
    70 | D        | Mangled by an ice beast

Illustrated notes

Levels and vault maps discovered:
D:        linesprint [early_d, line_temple, items_1, d_10, items_2, lair_1,
          lair_end, items_3, orc_1, orc_end, items_4, d_15, swamp_1, shoals_1,
          snake_1, spider_1, d_20, vaults_1, items_5, swamp_end, shoals_end,
          snake_end, spider_end, vaults_end, d_27, items_6, zot_1, zot_end,
          crypt_end, forest_end, elf_end, slime_end, tomb_end, abyss_end,
          pan_hell_end]

Skill      XL: |  1  2 |
---------------+-------+-----
Maces & Flails | 3 |  3.9
Fighting       | 4 |  4.7
Dodging        | 3 |  3.3
Armour         | 2 |  2.0

Action                   || total
-------------------------++-------
Melee: Mace              ||    15
Invok: Berserk           ||     2
  Use: Potion            ||     1
Armor: Animal skin       ||     1
Dodge: Dodged            ||     9

Table legend: (Time is in decaauts)
 A = Elapsed time spent in this place.
 B = Non-inter-level travel time spent in this place.
 C = Inter-level travel time spent in this place.
 D = Time resting spent in this place.
 E = Time spent auto-exploring this place.
 F = Levels seen in this place.
 G = Mean time per level.
                   A        B        C        D        E       F      G
               +--------+--------+--------+--------+--------+-----+--------+
         Total |     80 |     80 |      0 |     50 |      0 |   1 |   80.0 |
       Dungeon |     80 |     80 |      0 |     50 |      0 |   1 |   80.0 |
               +--------+--------+--------+--------+--------+-----+--------+

Top non-repeatable levels by time:
       D: 80 daAuts
